National vs Harfangs
Created - 11 avril 2014 at 20:19
Goals
|
| National |
0 |
3 |
2 |
5 |
| Harfangs |
3 |
0 |
1 |
4 |
|
Shots
|
| National |
5 |
17 |
13 |
35 |
| Harfangs |
10 |
10 |
19 |
39 |
|
1st period
1. Harfangs , Boyd Gordon 32 (Stefan Ruzicka) at 0:04
2. Harfangs , Stefan Ruzicka 51 (Boyd Gordon, Sasha Pokulok) at 16:25
3. Harfangs , Stephane Da Costa 23 (Luca Caputi, Michal Repik) at 18:18
Penalties :
William Colbert (Que) for Hooking (Minor) at 0:09, Jarod Palmer (Que) for Diving (Minor) at 6:56
2nd period
4. National , Dean McAmmond 48 (Rico Fata) at 0:42
5. National , Jan Hejda 15 (Pasi Salonen, Guillaume Desbiens) at 2:42 (PP)
6. National , Guillaume Desbiens 39 (Jesse Joensuu, Igor Makarov) at 5:46
Penalties :
Janne Niskala (BEA) for Boarding (Minor) at 1:40, James Wisniewski (BEA) for Hooking (Minor) at 11:25, Jesse Joensuu (Que) for Hooking (Minor) at 13:51
3rd period
7. National , Dean McAmmond 49 (Jonathan Cheechoo, Rico Fata) at 0:11
8. Harfangs , Peter Olvecky 40 (Matt Keith, Alexandre Picard) at 4:25 (PP)
9. National , Pasi Salonen 28 (Guillaume Desbiens, Jarod Palmer) at 10:38
Penalties :
Igor Makarov (Que) for Hooking (Minor) at 3:25, Jason Chimera (BEA) for Interference (Minor) at 7:52, Boyd Gordon (BEA) for Fighting (Major) at 17:48, Rico Fata (Que) for Fighting (Major) at 17:48
Goalie Stats
Tyler Plante (Que), 35 saves from 39 shots - (0,897), W, 11-11-0, 60:00 minutes
Ray Emery (BEA), 30 saves from 35 shots - (0,857), L, 35-17-6, 59:41 minutes
Players Stats for National
Player Name G A P +/- PIM S H SB GA TA FO MP PP MP PK MP
------------------------------------------------------------------------------------
Ben Maxwell 0 0 0 -1 0 1 0 1 0 0 1/6 7:11 0:00 0:34
Cédric Lalonde-McNicoll 0 0 0 -1 0 1 0 0 0 0 6/13 10:44 0:00 0:00
Daniel Rahimi 0 0 0 0 0 0 0 0 0 0 0/0 0:00 0:00 0:00
Dean McAmmond 2 0 2 1 0 3 1 1 1 0 14/35 23:08 2:58 3:11
Denis Bodrov 0 0 0 2 0 0 0 0 0 0 0/0 9:34 0:00 0:53
Dustin Kohn 0 0 0 -1 0 3 1 1 1 2 0/0 19:59 2:12 2:47
Erik Gustafsson 0 0 0 0 0 0 0 0 0 0 0/0 2:49 0:00 0:00
Guillaume Desbiens 1 2 3 2 0 2 2 0 0 0 0/0 15:18 2:02 0:00
Igor Makarov 0 1 1 -1 2 3 2 0 0 0 0/1 12:17 0:00 1:26
Jan Hejda 1 0 1 0 0 4 3 1 1 0 0/0 28:27 2:48 4:06
Jarod Palmer 0 1 1 2 2 4 2 0 0 1 7/13 15:20 2:02 0:00
Jesse Joensuu 0 1 1 -1 2 0 2 2 1 0 0/0 12:37 0:00 0:14
Johannes Salmonsson 0 0 0 -1 0 3 1 0 0 0 0/0 8:26 0:00 1:25
Jonathan Cheechoo 0 1 1 1 0 3 3 0 2 0 0/0 21:49 2:58 1:36
Kelsey Tessier 0 0 0 0 0 0 0 0 0 0 0/0 0:00 0:00 0:00
Kristoffer Berglund 0 0 0 0 0 0 0 0 0 0 0/0 0:00 0:00 0:00
Mathieu Carle 0 0 0 0 0 0 0 2 1 0 0/0 28:27 2:48 4:06
Matt Donovan 0 0 0 0 0 0 0 0 0 0 0/0 3:05 0:00 0:13
Pasi Salonen 1 1 2 2 0 2 1 0 0 2 1/5 18:02 2:02 2:27
Philip DeSimone 0 0 0 0 0 0 0 0 0 0 0/0 0:00 0:00 0:00
Rico Fata 0 2 2 1 5 4 3 0 0 0 3/4 21:22 2:58 3:01
Ty Wishart 0 0 0 2 0 0 0 0 0 0 0/0 8:38 0:00 0:00
William Colbert 0 0 0 -1 2 2 1 0 0 0 0/0 19:08 2:12 1:49
Yuri Alexandrov 0 0 0 0 0 0 0 0 0 0 0/0 0:00 0:00 0:00
Zack Stortini 0 0 0 -1 0 0 1 0 0 0 0/0 6:37 0:00 0:00
Players Stats for Harfangs
Player Name G A P +/- PIM S H SB GA TA FO MP PP MP PK MP
------------------------------------------------------------------------------------
Alex Killorn 0 0 0 0 0 1 1 1 0 0 3/7 10:07 0:00 0:00
Alexandre Picard 0 1 1 -2 0 2 2 2 0 0 0/0 19:59 3:08 1:58
Andrew Orpik 0 0 0 -2 0 1 0 1 0 0 0/0 19:28 3:08 1:26
Boyd Gordon 1 1 2 0 5 6 4 0 1 0 25/38 22:50 2:58 3:10
Brett Carson 0 0 0 1 0 0 0 1 0 1 0/0 12:27 0:00 0:00
Dustin Jeffrey 0 0 0 0 0 2 2 0 0 0 0/1 11:57 0:44 1:15
James Wisniewski 0 0 0 0 2 6 0 2 0 2 0/0 26:50 3:49 2:19
Janne Niskala 0 0 0 0 2 3 3 0 1 1 0/0 27:02 3:49 2:32
Jason Chimera 0 0 0 0 2 2 6 1 0 0 0/1 23:03 2:52 1:59
Luca Caputi 0 1 1 1 0 1 1 0 0 0 0/0 6:32 0:00 0:25
Matt Keith 0 1 1 -2 0 2 0 1 0 0 4/4 17:06 3:21 0:00
Michal Repik 0 1 1 1 0 0 0 0 0 0 0/0 6:07 0:00 0:00
Peter Olvecky 1 0 1 -2 0 4 5 0 2 1 0/0 18:31 3:21 1:21
Petri Kontiola 0 0 0 -2 0 1 0 0 0 1 12/23 18:42 3:21 0:26
Roman Wick 0 0 0 0 0 1 1 0 0 0 0/0 10:32 0:35 0:00
Sasha Pokulok 0 1 1 1 0 2 0 2 0 0 0/0 14:13 0:00 1:45
Stefan Ruzicka 1 1 2 0 0 4 0 0 1 1 0/2 21:07 2:58 0:00
Stephane Da Costa 1 0 1 1 0 1 0 0 0 0 1/1 8:23 0:41 1:24
3 Stars
1 - Guillaume Desbiens (Que)
2 - Dean McAmmond (Que)
3 - Pasi Salonen (Que)
Power Play
National - 1 on 3 Attempt(s) - 33,33%
Harfangs - 1 on 4 Attempt(s) - 25,00%
Penalty Kill
National - 3 on 4 Attempt(s) - 75,00%
- Score 0 goal in Penalty Kill
Harfangs - 2 on 3 Attempt(s) - 66,67%
- Score 0 goal in Penalty Kill
Official
Referees : Morton Dean and Leggo Mike
Linesman : Steve Barton and Lyle Seitz
Game Notes
0:04 of 1st period - Harfangs goal is going for a video replay. After video review, Goal.
Boyd Gordon beats up Rico Fata at 17:48 of 3rd period
Finance
Level 1 -- Attendance: 1658 (82,90%) -- Ticket Income 49 740 $
Level 2 -- Attendance: 725 (72,50%) -- Ticket Income 10 875 $
Total Attendance: 2383 (79,43%)
Total Ticket Income: 60 615 $
Other Income: 3 031 $
Total Income: 63 646 $
National
5 vs 5 Forward
Center Left Wing Right Wing Time % Phy DF OF
1 Dean McAmmond Rico Fata Jonathan Cheechoo 40 1 2 2
2 Jarod Palmer Pasi Salonen Guillaume Desbiens 30 1 2 2
3 Cédric Lalonde-McNicoll Jesse Joensuu Igor Makarov 20 1 2 2
4 Ben Maxwell Johannes Salmonsson Zack Stortini 10 1 2 2
5 vs 5 Defense
Defense Defense Time % Phy DF OF
1 Jan Hejda Mathieu Carle 40 1 2 2
2 William Colbert Dustin Kohn 30 1 2 2
3 Ty Wishart Denis Bodrov 20 1 2 2
4 Matt Donovan Erik Gustafsson 10 1 2 2
PowerPlay Forward
Center Left Wing Right Wing Time % Phy DF OF
1 Dean McAmmond Rico Fata Jonathan Cheechoo 60 1 2 2
2 Jarod Palmer Pasi Salonen Guillaume Desbiens 40 1 2 2
PowerPlay Defense
Defense Defense Time % Phy DF OF
1 Jan Hejda Mathieu Carle 60 1 2 2
2 William Colbert Dustin Kohn 40 1 2 2
Penalty Kill 4 Players Forward
Center Wing Time % Phy DF OF
1 Dean McAmmond Rico Fata 60 1 2 2
2 Pasi Salonen Jonathan Cheechoo 40 1 2 2
Penalty Kill 4 Players Defense
Defense Defense Time % Phy DF OF
1 Jan Hejda Mathieu Carle 60 1 2 2
2 William Colbert Dustin Kohn 40 1 2 2
Penalty Kill - 3 Players Forward
Forward Time % Phy DF OF
1 Dean McAmmond 60 1 2 2
2 Rico Fata 40 1 2 2
Penalty Kill - 3 Players Defense
Defense Defense Time % Phy DF OF
1 Jan Hejda Mathieu Carle 60 1 2 2
2 William Colbert Dustin Kohn 40 1 2 2
4 vs 4 Forward
Center Wing Time % Phy DF OF
1 Dean McAmmond Rico Fata 60 1 2 2
2 Pasi Salonen Jonathan Cheechoo 40 1 2 2
4 vs 4 Defense
Defense Defense Time % Phy DF OF
1 Jan Hejda Mathieu Carle 60 1 2 2
2 William Colbert Dustin Kohn 40 1 2 2
Last Minutes Offensive
Center Left Wing Right Wing Defense Defense
Dean McAmmond Rico Fata Jonathan Cheechoo Jan Hejda Mathieu Carle
Last Minutes Defensive
Center Left Wing Right Wing Defense Defense
Dean McAmmond Rico Fata Jonathan Cheechoo Jan Hejda Mathieu Carle
Goaltenders
Starting : Tyler Plante
Backup : Trevor Cann
Extra Forwards
Normal : Jesse Joensuu, Johannes Salmonsson, Igor Makarov - PP : Jesse Joensuu, Johannes Salmonsson - PK : Igor Makarov
Extra Defensemen
Normal : Ty Wishart, Denis Bodrov, Matt Donovan - PP : Ty Wishart - PK : Denis Bodrov, Matt Donovan
Penalty Shots
Dean McAmmond, Rico Fata, Pasi Salonen, Jonathan Cheechoo, Guillaume Desbiens
Harfangs
5 vs 5 Forward
Center Left Wing Right Wing Time % Phy DF OF
1 Boyd Gordon Jason Chimera Stefan Ruzicka 40 1 2 2
2 Petri Kontiola Peter Olvecky Matt Keith 30 1 2 2
3 Alex Killorn Dustin Jeffrey Roman Wick 20 1 2 2
4 Stephane Da Costa Luca Caputi Michal Repik 10 1 2 2
5 vs 5 Defense
Defense Defense Time % Phy DF OF
1 James Wisniewski Janne Niskala 40 1 2 2
2 Alexandre Picard Andrew Orpik 30 1 2 2
3 Brett Carson Sasha Pokulok 20 1 2 2
4 Janne Niskala James Wisniewski 10 1 2 2
PowerPlay Forward
Center Left Wing Right Wing Time % Phy DF OF
1 Boyd Gordon Jason Chimera Stefan Ruzicka 60 1 2 2
2 Petri Kontiola Peter Olvecky Matt Keith 40 1 2 2
PowerPlay Defense
Defense Defense Time % Phy DF OF
1 James Wisniewski Janne Niskala 60 1 2 2
2 Alexandre Picard Andrew Orpik 40 1 2 2
Penalty Kill 4 Players Forward
Center Wing Time % Phy DF OF
1 Boyd Gordon Jason Chimera 60 1 2 2
2 Petri Kontiola Peter Olvecky 40 1 2 2
Penalty Kill 4 Players Defense
Defense Defense Time % Phy DF OF
1 James Wisniewski Janne Niskala 60 1 2 2
2 Alexandre Picard Andrew Orpik 40 1 2 2
Penalty Kill - 3 Players Forward
Forward Time % Phy DF OF
1 Boyd Gordon 60 1 2 2
2 Petri Kontiola 40 1 2 2
Penalty Kill - 3 Players Defense
Defense Defense Time % Phy DF OF
1 James Wisniewski Janne Niskala 60 1 2 2
2 Alexandre Picard Andrew Orpik 40 1 2 2
4 vs 4 Forward
Center Wing Time % Phy DF OF
1 Boyd Gordon Jason Chimera 60 1 2 2
2 Petri Kontiola Peter Olvecky 40 1 2 2
4 vs 4 Defense
Defense Defense Time % Phy DF OF
1 James Wisniewski Janne Niskala 60 1 2 2
2 Alexandre Picard Andrew Orpik 40 1 2 2
Last Minutes Offensive
Center Left Wing Right Wing Defense Defense
Petri Kontiola Jason Chimera Stefan Ruzicka James Wisniewski Janne Niskala
Last Minutes Defensive
Center Left Wing Right Wing Defense Defense
Boyd Gordon Jason Chimera Matt Keith James Wisniewski Janne Niskala
Goaltenders
Starting : Ray Emery
Backup : Marek Schwarz
Extra Forwards
Normal : Boyd Gordon, Stephane Da Costa, Alex Killorn - PP : Boyd Gordon, Stephane Da Costa - PK : Boyd Gordon
Extra Defensemen
Normal : Brett Carson, Sasha Pokulok, James Wisniewski - PP : Brett Carson - PK : Sasha Pokulok, James Wisniewski
Penalty Shots
Boyd Gordon, Jason Chimera, Alexandre Picard, Matt Keith, James Wisniewski
% Time on Ice - National
Lines # - Real PCT - Wanted PCT - Time Play
Normal Forward
1 - 34% - 40% - 15:56
2 - 29% - 30% - 13:43
3 - 23% - 20% - 10:44
4 - 14% - 10% - 6:37
Normal Defense
1 - 44% - 40% - 20:33
2 - 32% - 30% - 15:00
3 - 18% - 20% - 8:38
4 - 6% - 10% - 2:49
PP Forward
1 - 59% - 60% - 2:58
2 - 41% - 40% - 2:02
PP Defense
1 - 56% - 60% - 2:48
2 - 44% - 40% - 2:12
PK Forward
1 - 71% - 60% - 4:55
2 - 29% - 40% - 2:02
PK Defense
1 - 60% - 60% - 4:10
2 - 40% - 40% - 2:47
PK3 Forward
1 - 0% - 60%
2 - 0% - 40%
PK3 Defense
1 - 0% - 60%
2 - 0% - 40%
44 Forward
1 - 0% - 60%
2 - 0% - 40%
44 Defense
1 - 0% - 60%
2 - 0% - 40%
Last Minute Offensive - 0:00
Last Minute Defensive - 1:03
Total
Forward - 60:00
Defense - 60:00
|
% Time on Ice - Harfangs
Lines # - Real PCT - Wanted PCT - Time Play
Normal Forward
1 - 37% - 40% - 17:10
2 - 29% - 30% - 13:45
3 - 21% - 20% - 9:55
4 - 13% - 10% - 6:07
Normal Defense
1 - 41% - 40% - 19:28
2 - 32% - 30% - 14:53
3 - 24% - 20% - 11:21
4 - 3% - 10% - 1:15
PP Forward
1 - 47% - 60% - 3:16
2 - 53% - 40% - 3:41
PP Defense
1 - 55% - 60% - 3:49
2 - 45% - 40% - 3:08
PK Forward
1 - 94% - 60% - 4:43
2 - 6% - 40% - 0:17
PK Defense
1 - 72% - 60% - 3:36
2 - 28% - 40% - 1:24
PK3 Forward
1 - 0% - 60%
2 - 0% - 40%
PK3 Defense
1 - 0% - 60%
2 - 0% - 40%
44 Forward
1 - 0% - 60%
2 - 0% - 40%
44 Defense
1 - 0% - 60%
2 - 0% - 40%
Last Minute Offensive - 1:06
Last Minute Defensive - 0:00
Total
Forward - 60:00
Defense - 60:00
|
Play by Play
1st period
0:01 of 1st period - Boyd Gordon wins face-off versus Dean McAmmond in neutral zone.
0:04 of 1st period - Wrist shot by Boyd Gordon.
0:04 of 1st period - Harfangs goal is going for a video replay.
0:04 of 1st period - The goal is good.
0:04 of 1st period - Goal by Boyd Gordon - National : 0 - Harfangs : 1.
0:05 of 1st period - Matt Keith wins face-off versus Pasi Salonen in neutral zone.
0:09 of 1st period - Minor Penalty to William Colbert for Hooking.
0:10 of 1st period - Boyd Gordon wins face-off versus Dean McAmmond in National zone.
0:21 of 1st period - Snap shot by Boyd Gordon.
0:21 of 1st period - Shot Blocked by Jan Hejda.
0:23 of 1st period - Wrist shot by Jason Chimera.
0:23 of 1st period - Stopped by Tyler Plante with a rebound.
0:25 of 1st period - Snap shot by James Wisniewski.
0:25 of 1st period - Deflect By Stefan Ruzicka.
0:25 of 1st period - Shot Misses the Net.
0:25 of 1st period - Puck is out of play.
0:26 of 1st period - Petri Kontiola wins face-off versus Pasi Salonen in National zone.
0:27 of 1st period - Wrist shot by Matt Keith.
0:27 of 1st period - Stopped by Tyler Plante without a rebound.
0:28 of 1st period - Pasi Salonen wins face-off versus Petri Kontiola in National zone.
2:09 of 1st period - Penalty to William Colbert is over, William Colbert is back on ice.
2:37 of 1st period - Icing by Jan Hejda.
2:38 of 1st period - Stephane Da Costa wins face-off versus Ben Maxwell in National zone.
2:43 of 1st period - Snap shot by Petri Kontiola.
2:43 of 1st period - Stopped by Tyler Plante without a rebound.
2:44 of 1st period - Jarod Palmer wins face-off versus Petri Kontiola in National zone.
2:49 of 1st period - Slapshot by Pasi Salonen.
2:49 of 1st period - Shot Misses the Net.
3:11 of 1st period - Andrew Orpik is hit by Rico Fata.
3:37 of 1st period - Jesse Joensuu is hit by Boyd Gordon and loses puck.
3:54 of 1st period - Wrist shot by Ben Maxwell.
3:54 of 1st period - Shot Blocked by James Wisniewski.
3:59 of 1st period - Off-side.
4:00 of 1st period - Petri Kontiola wins face-off versus Dean McAmmond in neutral zone.
4:03 of 1st period - Snap shot by Peter Olvecky.
4:03 of 1st period - Shot Misses the Net.
4:11 of 1st period - Slapshot by Jonathan Cheechoo.
4:11 of 1st period - Shot Misses the Net.
4:13 of 1st period - Slapshot by Jan Hejda.
4:13 of 1st period - Shot Misses the Net.
4:15 of 1st period - Slapshot by Rico Fata.
4:15 of 1st period - Shot Blocked by Brett Carson.
4:27 of 1st period - Sasha Pokulok is hit by Jan Hejda and loses puck.
4:34 of 1st period - Janne Niskala is hit by Jan Hejda.
5:10 of 1st period - Off-side.
5:11 of 1st period - Dean McAmmond wins face-off versus Boyd Gordon in neutral zone.
5:16 of 1st period - Wrist shot by Jonathan Cheechoo.
5:16 of 1st period - Stopped by Ray Emery with a rebound.
5:28 of 1st period - Stefan Ruzicka is hit by Jonathan Cheechoo and loses puck.
5:35 of 1st period - Dustin Kohn is hit by Jason Chimera and loses puck.
5:52 of 1st period - Snap shot by Jonathan Cheechoo.
5:52 of 1st period - Shot Misses the Net.
6:29 of 1st period - Snap shot by Jonathan Cheechoo.
6:29 of 1st period - Shot Misses the Net.
6:53 of 1st period - Slapshot by Boyd Gordon.
6:53 of 1st period - Deflect By Jason Chimera.
6:53 of 1st period - Shot Hit the Post.
6:53 of 1st period - Puck is out of play.
6:54 of 1st period - Jarod Palmer wins face-off versus Petri Kontiola in National zone.
6:56 of 1st period - Minor Penalty to Jarod Palmer for Diving.
6:57 of 1st period - Petri Kontiola wins face-off versus Pasi Salonen in National zone.
7:11 of 1st period - Snap shot by Petri Kontiola.
7:11 of 1st period - Shot Misses the Net.
7:13 of 1st period - Slapshot by Janne Niskala.
7:13 of 1st period - Shot Misses the Net.
7:29 of 1st period - Pasi Salonen is hit by Peter Olvecky and loses puck.
8:15 of 1st period - Dean McAmmond is hit by Janne Niskala.
8:27 of 1st period - William Colbert is hit by Peter Olvecky and loses puck.
8:56 of 1st period - Penalty to Jarod Palmer is over, Jarod Palmer is back on ice.
9:06 of 1st period - Snap shot by Igor Makarov.
9:06 of 1st period - Shot Blocked by Alexandre Picard.
9:44 of 1st period - Jason Chimera is hit by Igor Makarov and loses puck.
12:40 of 1st period - Icing by Guillaume Desbiens.
12:41 of 1st period - Petri Kontiola wins face-off versus Ben Maxwell in National zone.
12:42 of 1st period - Wrist shot by Peter Olvecky.
12:42 of 1st period - Shot Blocked by Ben Maxwell.
13:06 of 1st period - Wrist shot by Dean McAmmond.
13:06 of 1st period - Shot Misses the Net.
13:08 of 1st period - Snap shot by Jonathan Cheechoo.
13:08 of 1st period - Stopped by Ray Emery without a rebound.
13:09 of 1st period - Matt Keith wins face-off versus Jarod Palmer in Harfangs zone.
13:18 of 1st period - Slapshot by Janne Niskala.
13:18 of 1st period - Deflect By Matt Keith.
13:18 of 1st period - Shot Misses the Net.
13:18 of 1st period - Puck is out of play.
13:19 of 1st period - Petri Kontiola wins face-off versus Jarod Palmer in National zone.
13:30 of 1st period - Wrist shot by Pasi Salonen.
13:30 of 1st period - Shot Misses the Net.
13:32 of 1st period - Wrist shot by Jarod Palmer.
13:32 of 1st period - Shot Misses the Net.
13:34 of 1st period - Slapshot by Jan Hejda.
13:34 of 1st period - Shot Misses the Net.
13:36 of 1st period - Snap shot by Pasi Salonen.
13:36 of 1st period - Shot Misses the Net.
13:38 of 1st period - Wrist shot by Jarod Palmer.
13:38 of 1st period - Shot Misses the Net.
13:40 of 1st period - Slapshot by Jan Hejda.
13:40 of 1st period - Shot Blocked by Matt Keith.
13:42 of 1st period - Snap shot by Jarod Palmer.
13:42 of 1st period - Stopped by Ray Emery without a rebound.
13:43 of 1st period - Boyd Gordon wins face-off versus Dean McAmmond in Harfangs zone.
14:18 of 1st period - Wrist shot by Guillaume Desbiens.
14:18 of 1st period - Deflect By Pasi Salonen.
14:18 of 1st period - Shot Misses the Net.
14:18 of 1st period - Puck is out of play.
14:19 of 1st period - Petri Kontiola wins face-off versus Jarod Palmer in Harfangs zone.
14:56 of 1st period - Snap shot by Jesse Joensuu.
14:56 of 1st period - Shot Misses the Net.
15:08 of 1st period - Snap shot by Dustin Jeffrey.
15:08 of 1st period - Shot Misses the Net.
15:26 of 1st period - Ben Maxwell is hit by Alexandre Picard and loses puck.
15:55 of 1st period - Slapshot by Guillaume Desbiens.
15:55 of 1st period - Shot Blocked by James Wisniewski.
15:57 of 1st period - Snap shot by William Colbert.
15:57 of 1st period - Deflect By James Wisniewski.
15:57 of 1st period - Stopped by Ray Emery with a rebound.
16:09 of 1st period - Slapshot by Janne Niskala.
16:09 of 1st period - Shot Blocked by Jesse Joensuu.
16:11 of 1st period - Slapshot by Janne Niskala.
16:11 of 1st period - Stopped by Tyler Plante without a rebound.
16:12 of 1st period - Cédric Lalonde-McNicoll wins face-off versus Boyd Gordon in National zone.
16:23 of 1st period - Slapshot by Boyd Gordon.
16:23 of 1st period - Stopped by Tyler Plante with a rebound.
16:25 of 1st period - Snap shot by Stefan Ruzicka.
16:25 of 1st period - Goal by Stefan Ruzicka - National : 0 - Harfangs : 2.
16:26 of 1st period - Boyd Gordon wins face-off versus Dean McAmmond in neutral zone.
17:00 of 1st period - Matt Keith is hit by Guillaume Desbiens and loses puck.
17:15 of 1st period - Snap shot by Stephane Da Costa.
17:15 of 1st period - Shot Blocked by Mathieu Carle.
17:17 of 1st period - Slapshot by Andrew Orpik.
17:17 of 1st period - Shot Misses the Net.
17:23 of 1st period - Snap shot by Michal Repik.
17:23 of 1st period - Deflect By Mathieu Carle.
17:23 of 1st period - Shot Misses the Net.
17:23 of 1st period - Puck is out of play.
17:24 of 1st period - Boyd Gordon wins face-off versus Dean McAmmond in National zone.
18:16 of 1st period - Wrist shot by Luca Caputi.
18:16 of 1st period - Stopped by Tyler Plante with a rebound.
18:18 of 1st period - Snap shot by Stephane Da Costa.
18:18 of 1st period - Goal by Stephane Da Costa - National : 0 - Harfangs : 3.
18:19 of 1st period - Boyd Gordon wins face-off versus Dean McAmmond in neutral zone.
18:19 of 1st period - James Wisniewski is hit by Rico Fata and loses puck.
18:29 of 1st period - Snap shot by Rico Fata.
18:29 of 1st period - Stopped by Ray Emery without a rebound.
18:30 of 1st period - Dean McAmmond wins face-off versus Stefan Ruzicka in Harfangs zone.
18:56 of 1st period - Janne Niskala is hit by Pasi Salonen and loses puck.
19:07 of 1st period - Snap shot by Peter Olvecky.
19:07 of 1st period - Stopped by Tyler Plante with a rebound.
19:21 of 1st period - Mathieu Carle is hit by Dustin Jeffrey and loses puck.
19:46 of 1st period - Michal Repik is hit by Zack Stortini and loses puck.
19:59 of 1st period - Dustin Kohn is hit by Boyd Gordon and loses puck.
Goals for this period are 0 for National vs 3 for Harfangs.
Shots for this period are 5 for National vs 10 for Harfangs.
2nd period
0:01 of 2nd period - Dean McAmmond wins face-off versus Boyd Gordon in neutral zone.
0:18 of 2nd period - Jan Hejda is hit by Jason Chimera.
0:30 of 2nd period - Slapshot by Jan Hejda.
0:30 of 2nd period - Stopped by Ray Emery with a rebound.
0:32 of 2nd period - Slapshot by Jarod Palmer.
0:32 of 2nd period - Stopped by Ray Emery without a rebound.
0:33 of 2nd period - Jarod Palmer wins face-off versus Petri Kontiola in Harfangs zone.
0:36 of 2nd period - Wrist shot by Pasi Salonen.
0:36 of 2nd period - Shot Blocked by Andrew Orpik.
0:38 of 2nd period - Snap shot by Jarod Palmer.
0:38 of 2nd period - Stopped by Ray Emery without a rebound.
0:39 of 2nd period - Rico Fata wins face-off versus Petri Kontiola in Harfangs zone.
0:42 of 2nd period - Wrist shot by Dean McAmmond.
0:42 of 2nd period - Goal by Dean McAmmond - National : 1 - Harfangs : 3.
0:43 of 2nd period - Boyd Gordon wins face-off versus Rico Fata in neutral zone.
1:08 of 2nd period - Matt Keith is hit by Guillaume Desbiens.
1:12 of 2nd period - Jan Hejda is hit by Alexandre Picard and loses puck.
1:17 of 2nd period - Snap shot by Peter Olvecky.
1:17 of 2nd period - Deflect By Matt Keith.
1:17 of 2nd period - Shot Misses the Net.
1:17 of 2nd period - Puck is out of play.
1:18 of 2nd period - Boyd Gordon wins face-off versus Cédric Lalonde-McNicoll in National zone.
1:19 of 2nd period - Wrist shot by Stefan Ruzicka.
1:19 of 2nd period - Shot Misses the Net.
1:27 of 2nd period - Snap shot by Igor Makarov.
1:27 of 2nd period - Deflect By Jesse Joensuu.
1:27 of 2nd period - Shot Blocked by Jason Chimera.
1:27 of 2nd period - Puck is out of play.
1:28 of 2nd period - Boyd Gordon wins face-off versus Cédric Lalonde-McNicoll in Harfangs zone.
1:35 of 2nd period - Snap shot by Jesse Joensuu.
1:35 of 2nd period - Deflect By Igor Makarov.
1:35 of 2nd period - Stopped by Ray Emery with a rebound.
1:37 of 2nd period - Snap shot by Dustin Kohn.
1:37 of 2nd period - Stopped by Ray Emery without a rebound.
1:38 of 2nd period - Boyd Gordon wins face-off versus Dean McAmmond in Harfangs zone.
1:40 of 2nd period - Minor Penalty to Janne Niskala for Boarding.
1:41 of 2nd period - Rico Fata wins face-off versus Boyd Gordon in Harfangs zone.
1:51 of 2nd period - Snap shot by Rico Fata.
1:51 of 2nd period - Deflect By James Wisniewski.
1:51 of 2nd period - Stopped by Ray Emery without a rebound.
1:52 of 2nd period - Boyd Gordon wins face-off versus Dean McAmmond in Harfangs zone.
2:00 of 2nd period - Off-side.
2:01 of 2nd period - Boyd Gordon wins face-off versus Dean McAmmond in neutral zone.
2:06 of 2nd period - Snap shot by Boyd Gordon.
2:06 of 2nd period - Stopped by Tyler Plante without a rebound.
2:07 of 2nd period - Rico Fata wins face-off versus Boyd Gordon in National zone.
2:42 of 2nd period - Slapshot by Jan Hejda.
2:42 of 2nd period - Goal by Jan Hejda - National : 2 - Harfangs : 3.
2:43 of 2nd period - Petri Kontiola wins face-off versus Dean McAmmond in neutral zone.
2:54 of 2nd period - Slapshot by James Wisniewski.
2:54 of 2nd period - Stopped by Tyler Plante with a rebound.
3:10 of 2nd period - Icing by Pasi Salonen.
3:11 of 2nd period - Jarod Palmer wins face-off versus Boyd Gordon in National zone.
3:18 of 2nd period - Snap shot by Jarod Palmer.
3:18 of 2nd period - Shot Blocked by Sasha Pokulok.
3:49 of 2nd period - Wrist shot by Dustin Jeffrey.
3:49 of 2nd period - Stopped by Tyler Plante with a rebound.
5:25 of 2nd period - Jesse Joensuu is hit by Janne Niskala and loses puck.
5:46 of 2nd period - Wrist shot by Guillaume Desbiens.
5:46 of 2nd period - Goal by Guillaume Desbiens - National : 3 - Harfangs : 3.
5:47 of 2nd period - Dean McAmmond wins face-off versus Boyd Gordon in neutral zone.
6:06 of 2nd period - Mathieu Carle is hit by Boyd Gordon and loses puck.
6:29 of 2nd period - Wrist shot by Pasi Salonen.
6:29 of 2nd period - Stopped by Ray Emery without a rebound.
6:30 of 2nd period - Alex Killorn wins face-off versus Cédric Lalonde-McNicoll in Harfangs zone.
6:38 of 2nd period - Snap shot by Alex Killorn.
6:38 of 2nd period - Deflect By Dustin Jeffrey.
6:38 of 2nd period - Stopped by Tyler Plante with a rebound.
6:40 of 2nd period - Snap shot by Roman Wick.
6:40 of 2nd period - Stopped by Tyler Plante with a rebound.
6:53 of 2nd period - Icing by Dustin Kohn.
6:54 of 2nd period - Cédric Lalonde-McNicoll wins face-off versus Stefan Ruzicka in National zone.
7:43 of 2nd period - Brett Carson is hit by Igor Makarov and loses puck.
8:07 of 2nd period - Snap shot by Ben Maxwell.
8:07 of 2nd period - Shot Misses the Net.
8:13 of 2nd period - Snap shot by Stephane Da Costa.
8:13 of 2nd period - Shot Blocked by Dean McAmmond.
8:25 of 2nd period - Snap shot by Boyd Gordon.
8:25 of 2nd period - Stopped by Tyler Plante without a rebound.
8:26 of 2nd period - Boyd Gordon wins face-off versus Jarod Palmer in National zone.
8:37 of 2nd period - Slapshot by Mathieu Carle.
8:37 of 2nd period - Shot Hit the Post.
8:51 of 2nd period - Rico Fata is hit by Jason Chimera and loses puck.
9:04 of 2nd period - Slapshot by Stefan Ruzicka.
9:04 of 2nd period - Stopped by Tyler Plante without a rebound.
9:05 of 2nd period - Petri Kontiola wins face-off versus Cédric Lalonde-McNicoll in National zone.
10:16 of 2nd period - Slapshot by Mathieu Carle.
10:16 of 2nd period - Shot Misses the Net.
10:18 of 2nd period - Wrist shot by Johannes Salmonsson.
10:18 of 2nd period - Stopped by Ray Emery without a rebound.
10:19 of 2nd period - Petri Kontiola wins face-off versus Ben Maxwell in Harfangs zone.
10:24 of 2nd period - Slapshot by Dustin Kohn.
10:24 of 2nd period - Shot Misses the Net.
10:26 of 2nd period - Slapshot by William Colbert.
10:26 of 2nd period - Stopped by Ray Emery without a rebound.
10:27 of 2nd period - Dean McAmmond wins face-off versus Petri Kontiola in Harfangs zone.
10:28 of 2nd period - Snap shot by Rico Fata.
10:28 of 2nd period - Shot Misses the Net.
10:40 of 2nd period - Snap shot by Dean McAmmond.
10:40 of 2nd period - Shot Misses the Net.
10:46 of 2nd period - Peter Olvecky is hit by Rico Fata.
10:56 of 2nd period - Jarod Palmer is hit by Jason Chimera and loses puck.
11:08 of 2nd period - Wrist shot by Boyd Gordon.
11:08 of 2nd period - Stopped by Tyler Plante without a rebound.
11:09 of 2nd period - Cédric Lalonde-McNicoll wins face-off versus Alex Killorn in National zone.
11:14 of 2nd period - Wrist shot by Dustin Jeffrey.
11:14 of 2nd period - Shot Misses the Net.
11:25 of 2nd period - Minor Penalty to James Wisniewski for Hooking.
11:26 of 2nd period - Dean McAmmond wins face-off versus Boyd Gordon in Harfangs zone.
11:36 of 2nd period - Slapshot by Jonathan Cheechoo.
11:36 of 2nd period - Shot Misses the Net.
11:42 of 2nd period - Snap shot by Jonathan Cheechoo.
11:42 of 2nd period - Shot Misses the Net.
13:25 of 2nd period - Penalty to James Wisniewski is over, James Wisniewski is back on ice.
13:29 of 2nd period - Icing by Dustin Kohn.
13:30 of 2nd period - Alex Killorn wins face-off versus Cédric Lalonde-McNicoll in National zone.
13:40 of 2nd period - Off-side.
13:41 of 2nd period - Alex Killorn wins face-off versus Cédric Lalonde-McNicoll in neutral zone.
13:51 of 2nd period - Minor Penalty to Jesse Joensuu for Hooking.
13:52 of 2nd period - Boyd Gordon wins face-off versus Dean McAmmond in National zone.
13:52 of 2nd period - Wrist shot by Stefan Ruzicka.
13:52 of 2nd period - Deflect By Boyd Gordon.
13:52 of 2nd period - Shot Misses the Net.
13:52 of 2nd period - Puck is out of play.
13:53 of 2nd period - Dean McAmmond wins face-off versus Boyd Gordon in National zone.
15:12 of 2nd period - Icing by Jason Chimera.
15:13 of 2nd period - Boyd Gordon wins face-off versus Igor Makarov in Harfangs zone.
15:24 of 2nd period - Johannes Salmonsson is hit by Peter Olvecky and loses puck.
15:51 of 2nd period - Penalty to Jesse Joensuu is over, Jesse Joensuu is back on ice.
16:03 of 2nd period - Snap shot by Stephane Da Costa.
16:03 of 2nd period - Shot Misses the Net.
16:05 of 2nd period - Slapshot by Sasha Pokulok.
16:05 of 2nd period - Stopped by Tyler Plante with a rebound.
16:07 of 2nd period - Snap shot by Michal Repik.
16:07 of 2nd period - Shot Blocked by Dustin Kohn.
16:25 of 2nd period - Snap shot by Johannes Salmonsson.
16:25 of 2nd period - Shot Blocked by Alex Killorn.
16:27 of 2nd period - Slapshot by Dustin Kohn.
16:27 of 2nd period - Stopped by Ray Emery with a rebound.
16:29 of 2nd period - Slapshot by Ben Maxwell.
16:29 of 2nd period - Shot Blocked by Sasha Pokulok.
16:31 of 2nd period - Wrist shot by Dustin Kohn.
16:31 of 2nd period - Shot Misses the Net.
16:33 of 2nd period - Slapshot by William Colbert.
16:33 of 2nd period - Shot Misses the Net.
16:51 of 2nd period - Snap shot by Peter Olvecky.
16:51 of 2nd period - Shot Misses the Net.
17:01 of 2nd period - Snap shot by Stefan Ruzicka.
17:01 of 2nd period - Shot Misses the Net.
17:35 of 2nd period - Wrist shot by Ben Maxwell.
17:35 of 2nd period - Stopped by Ray Emery with a rebound.
17:37 of 2nd period - Wrist shot by Zack Stortini.
17:37 of 2nd period - Deflect By Johannes Salmonsson.
17:37 of 2nd period - Deflect By Matt Keith.
17:37 of 2nd period - Shot Misses the Net.
17:37 of 2nd period - Puck is out of play.
17:38 of 2nd period - Petri Kontiola wins face-off versus Ben Maxwell in Harfangs zone.
17:48 of 2nd period - Slapshot by Jan Hejda.
17:48 of 2nd period - Shot Misses the Net.
17:50 of 2nd period - Wrist shot by Johannes Salmonsson.
17:50 of 2nd period - Stopped by Ray Emery without a rebound.
17:51 of 2nd period - Boyd Gordon wins face-off versus Dean McAmmond in Harfangs zone.
17:51 of 2nd period - Boyd Gordon is hit by Jan Hejda.
18:21 of 2nd period - Icing by Alexandre Picard.
18:22 of 2nd period - Jarod Palmer wins face-off versus Petri Kontiola in Harfangs zone.
18:25 of 2nd period - Slapshot by Jarod Palmer.
18:25 of 2nd period - Stopped by Ray Emery with a rebound.
18:27 of 2nd period - Snap shot by Pasi Salonen.
18:27 of 2nd period - Deflect By Jarod Palmer.
18:27 of 2nd period - Shot Blocked by Alexandre Picard.
18:27 of 2nd period - Puck is out of play.
18:28 of 2nd period - Dean McAmmond wins face-off versus Boyd Gordon in Harfangs zone.
18:41 of 2nd period - Snap shot by Jonathan Cheechoo.
18:41 of 2nd period - Stopped by Ray Emery with a rebound.
18:54 of 2nd period - Icing by Janne Niskala.
18:55 of 2nd period - Petri Kontiola wins face-off versus Jarod Palmer in Harfangs zone.
19:00 of 2nd period - Slapshot by James Wisniewski.
19:00 of 2nd period - Stopped by Tyler Plante with a rebound.
19:02 of 2nd period - Wrist shot by Matt Keith.
19:02 of 2nd period - Shot Misses the Net.
19:04 of 2nd period - Slapshot by James Wisniewski.
19:04 of 2nd period - Shot Blocked by Mathieu Carle.
19:22 of 2nd period - Roman Wick is hit by Jonathan Cheechoo and loses puck.
Goals for this period are 3 for National vs 0 for Harfangs.
Shots for this period are 17 for National vs 10 for Harfangs.
3rd period
0:01 of 3rd period - Dean McAmmond wins face-off versus Boyd Gordon in neutral zone.
0:09 of 3rd period - Snap shot by Rico Fata.
0:09 of 3rd period - Shot Misses the Net.
0:11 of 3rd period - Wrist shot by Jonathan Cheechoo.
0:11 of 3rd period - Deflect By Dean McAmmond.
0:11 of 3rd period - Goal by Dean McAmmond - National : 4 - Harfangs : 3.
0:12 of 3rd period - Boyd Gordon wins face-off versus Dean McAmmond in neutral zone.
0:15 of 3rd period - Mathieu Carle is hit by Jason Chimera and loses puck.
0:35 of 3rd period - Icing by Rico Fata.
0:36 of 3rd period - Dean McAmmond wins face-off versus Petri Kontiola in National zone.
0:43 of 3rd period - Petri Kontiola is hit by Jarod Palmer and loses puck.
1:02 of 3rd period - Jarod Palmer is hit by Dustin Jeffrey and loses puck.
1:07 of 3rd period - Snap shot by James Wisniewski.
1:07 of 3rd period - Stopped by Tyler Plante with a rebound.
1:11 of 3rd period - Slapshot by James Wisniewski.
1:11 of 3rd period - Stopped by Tyler Plante with a rebound.
1:13 of 3rd period - Slapshot by Alex Killorn.
1:13 of 3rd period - Shot Misses the Net.
1:15 of 3rd period - Slapshot by James Wisniewski.
1:15 of 3rd period - Stopped by Tyler Plante with a rebound.
1:27 of 3rd period - Wrist shot by Stefan Ruzicka.
1:27 of 3rd period - Stopped by Tyler Plante with a rebound.
1:55 of 3rd period - Michal Repik is hit by Jesse Joensuu and loses puck.
2:11 of 3rd period - Snap shot by Andrew Orpik.
2:11 of 3rd period - Deflect By Ben Maxwell.
2:11 of 3rd period - Stopped by Tyler Plante without a rebound.
2:12 of 3rd period - Boyd Gordon wins face-off versus Ben Maxwell in National zone.
2:17 of 3rd period - Snap shot by Boyd Gordon.
2:17 of 3rd period - Shot Misses the Net.
2:25 of 3rd period - Backhand shot by Dustin Kohn.
2:25 of 3rd period - Stopped by Ray Emery without a rebound.
2:26 of 3rd period - Matt Keith wins face-off versus Dean McAmmond in Harfangs zone.
2:33 of 3rd period - Wrist shot by Matt Keith.
2:33 of 3rd period - Shot Misses the Net.
2:51 of 3rd period - Boyd Gordon is hit by William Colbert and loses puck.
3:18 of 3rd period - Slapshot by Jan Hejda.
3:18 of 3rd period - Shot Misses the Net.
3:25 of 3rd period - Minor Penalty to Igor Makarov for Hooking.
3:26 of 3rd period - Boyd Gordon wins face-off versus Dean McAmmond in National zone.
4:25 of 3rd period - Snap shot by Peter Olvecky.
4:25 of 3rd period - Goal by Peter Olvecky - National : 4 - Harfangs : 4.
4:26 of 3rd period - Boyd Gordon wins face-off versus Jarod Palmer in neutral zone.
4:35 of 3rd period - Snap shot by Boyd Gordon.
4:35 of 3rd period - Stopped by Tyler Plante without a rebound.
4:36 of 3rd period - Boyd Gordon wins face-off versus Pasi Salonen in National zone.
4:45 of 3rd period - Snap shot by Guillaume Desbiens.
4:45 of 3rd period - Shot Misses the Net.
4:59 of 3rd period - Snap shot by Janne Niskala.
4:59 of 3rd period - Stopped by Tyler Plante with a rebound.
5:01 of 3rd period - Wrist shot by Jason Chimera.
5:01 of 3rd period - Stopped by Tyler Plante with a rebound.
5:03 of 3rd period - Snap shot by Stefan Ruzicka.
5:03 of 3rd period - Stopped by Tyler Plante with a rebound.
5:05 of 3rd period - Slapshot by Janne Niskala.
5:05 of 3rd period - Stopped by Tyler Plante with a rebound.
5:07 of 3rd period - Slapshot by James Wisniewski.
5:07 of 3rd period - Stopped by Tyler Plante without a rebound.
5:08 of 3rd period - Dean McAmmond wins face-off versus Petri Kontiola in National zone.
5:21 of 3rd period - Peter Olvecky is hit by Dean McAmmond and loses puck.
5:43 of 3rd period - Backhand shot by Igor Makarov.
5:43 of 3rd period - Stopped by Ray Emery without a rebound.
5:44 of 3rd period - Boyd Gordon wins face-off versus Dean McAmmond in Harfangs zone.
6:38 of 3rd period - Wrist shot by Alexandre Picard.
6:38 of 3rd period - Shot Misses the Net.
6:40 of 3rd period - Wrist shot by Andrew Orpik.
6:40 of 3rd period - Shot Misses the Net.
6:42 of 3rd period - Slapshot by Alexandre Picard.
6:42 of 3rd period - Deflect By Mathieu Carle.
6:42 of 3rd period - Stopped by Tyler Plante with a rebound.
6:58 of 3rd period - Jan Hejda is hit by Peter Olvecky and loses puck.
7:17 of 3rd period - Snap shot by Matt Keith.
7:17 of 3rd period - Stopped by Tyler Plante with a rebound.
7:52 of 3rd period - Minor Penalty to Jason Chimera for Interference.
7:53 of 3rd period - Boyd Gordon wins face-off versus Dean McAmmond in Harfangs zone.
8:07 of 3rd period - Slapshot by William Colbert.
8:07 of 3rd period - Deflect By Dean McAmmond.
8:07 of 3rd period - Stopped by Ray Emery with a rebound.
8:09 of 3rd period - Slapshot by Dustin Kohn.
8:09 of 3rd period - Deflect By Rico Fata.
8:09 of 3rd period - Stopped by Ray Emery with a rebound.
8:19 of 3rd period - James Wisniewski is hit by Jarod Palmer and loses puck.
8:26 of 3rd period - Slapshot by Jan Hejda.
8:26 of 3rd period - Stopped by Ray Emery without a rebound.
8:27 of 3rd period - Dean McAmmond wins face-off versus Boyd Gordon in Harfangs zone.
9:52 of 3rd period - Penalty to Jason Chimera is over, Jason Chimera is back on ice.
10:07 of 3rd period - Alex Killorn is hit by Jesse Joensuu and loses puck.
10:20 of 3rd period - Jan Hejda is hit by Boyd Gordon and loses puck.
10:30 of 3rd period - Off-side.
10:31 of 3rd period - Jarod Palmer wins face-off versus Petri Kontiola in neutral zone.
10:38 of 3rd period - Snap shot by Pasi Salonen.
10:38 of 3rd period - Goal by Pasi Salonen - National : 5 - Harfangs : 4.
10:39 of 3rd period - Boyd Gordon wins face-off versus Dean McAmmond in neutral zone.
10:42 of 3rd period - Jonathan Cheechoo is hit by Jason Chimera and loses puck.
11:07 of 3rd period - Guillaume Desbiens is hit by Janne Niskala and loses puck.
11:12 of 3rd period - Wrist shot by Matt Keith.
11:12 of 3rd period - Shot Misses the Net.
11:14 of 3rd period - Snap shot by Matt Keith.
11:14 of 3rd period - Shot Misses the Net.
11:20 of 3rd period - Slapshot by Peter Olvecky.
11:20 of 3rd period - Stopped by Tyler Plante without a rebound.
11:21 of 3rd period - Dean McAmmond wins face-off versus Alex Killorn in National zone.
11:21 of 3rd period - Dean McAmmond is hit by Roman Wick.
11:57 of 3rd period - Off-side.
11:58 of 3rd period - Matt Keith wins face-off versus Dean McAmmond in neutral zone.
12:19 of 3rd period - Icing by Janne Niskala.
12:20 of 3rd period - Jarod Palmer wins face-off versus Petri Kontiola in Harfangs zone.
12:57 of 3rd period - Slapshot by Janne Niskala.
12:57 of 3rd period - Shot Misses the Net.
12:59 of 3rd period - Snap shot by Peter Olvecky.
12:59 of 3rd period - Shot Misses the Net.
13:01 of 3rd period - Slapshot by Janne Niskala.
13:01 of 3rd period - Deflect By Petri Kontiola.
13:01 of 3rd period - Shot Blocked by Jesse Joensuu.
13:01 of 3rd period - Puck is out of play.
13:02 of 3rd period - Boyd Gordon wins face-off versus Cédric Lalonde-McNicoll in National zone.
13:11 of 3rd period - Slapshot by William Colbert.
13:11 of 3rd period - Shot Misses the Net.
13:27 of 3rd period - Roman Wick is hit by Dustin Kohn and loses puck.
13:50 of 3rd period - Mathieu Carle is hit by Luca Caputi and loses puck.
14:33 of 3rd period - Mathieu Carle is hit by Peter Olvecky and loses puck.
15:09 of 3rd period - Off-side.
15:10 of 3rd period - Ben Maxwell wins face-off versus Jason Chimera in neutral zone.
15:15 of 3rd period - Stefan Ruzicka is hit by Johannes Salmonsson and loses puck.
15:26 of 3rd period - Snap shot by Ben Maxwell.
15:26 of 3rd period - Deflect By Johannes Salmonsson.
15:26 of 3rd period - Stopped by Ray Emery without a rebound.
15:27 of 3rd period - Cédric Lalonde-McNicoll wins face-off versus Dustin Jeffrey in Harfangs zone.
15:34 of 3rd period - Snap shot by Igor Makarov.
15:34 of 3rd period - Shot Misses the Net.
15:36 of 3rd period - Wrist shot by Cédric Lalonde-McNicoll.
15:36 of 3rd period - Stopped by Ray Emery with a rebound.
15:38 of 3rd period - Snap shot by Cédric Lalonde-McNicoll.
15:38 of 3rd period - Deflect By Igor Makarov.
15:38 of 3rd period - Shot Misses the Net.
15:38 of 3rd period - Puck is out of play.
15:39 of 3rd period - Cédric Lalonde-McNicoll wins face-off versus Alex Killorn in Harfangs zone.
15:54 of 3rd period - Wrist shot by Igor Makarov.
15:54 of 3rd period - Stopped by Ray Emery with a rebound.
16:09 of 3rd period - Snap shot by Pasi Salonen.
16:09 of 3rd period - Shot Misses the Net.
16:17 of 3rd period - Slapshot by Guillaume Desbiens.
16:17 of 3rd period - Shot Misses the Net.
16:58 of 3rd period - Slapshot by Alexandre Picard.
16:58 of 3rd period - Deflect By Jonathan Cheechoo.
16:58 of 3rd period - Stopped by Tyler Plante with a rebound.
17:35 of 3rd period - Wrist shot by Guillaume Desbiens.
17:35 of 3rd period - Stopped by Ray Emery without a rebound.
17:36 of 3rd period - Dean McAmmond wins face-off versus Boyd Gordon in Harfangs zone.
17:39 of 3rd period - Snap shot by Rico Fata.
17:39 of 3rd period - Stopped by Ray Emery with a rebound.
17:48 of 3rd period - Boyd Gordon beats up Rico Fata.
17:48 of 3rd period - Penalty to Boyd Gordon for Fighting.
17:48 of 3rd period - Penalty to Rico Fata for Fighting.
17:49 of 3rd period - Cédric Lalonde-McNicoll wins face-off versus Alex Killorn in neutral zone.
17:59 of 3rd period - Snap shot by James Wisniewski.
17:59 of 3rd period - Deflect By Alex Killorn.
17:59 of 3rd period - Stopped by Tyler Plante with a rebound.
18:07 of 3rd period - William Colbert is hit by Alex Killorn and loses puck.
18:50 of 3rd period - Wrist shot by Peter Olvecky.
18:50 of 3rd period - Stopped by Tyler Plante with a rebound.
19:04 of 3rd period - Backhand shot by Jan Hejda.
19:04 of 3rd period - Stopped by Ray Emery without a rebound.
19:05 of 3rd period - Rick Tocchet call a timeout for Harfangs.
19:05 of 3rd period - Petri Kontiola wins face-off versus Dean McAmmond in Harfangs zone.
19:05 of 3rd period - Petri Kontiola is hit by Jonathan Cheechoo.
19:41 of 3rd period - Harfangs, Ray Emery is pulled from the net.
19:56 of 3rd period - Slapshot by Sasha Pokulok.
19:56 of 3rd period - Stopped by Tyler Plante with a rebound.
Goals for this period are 2 for National vs 1 for Harfangs.
Shots for this period are 13 for National vs 19 for Harfangs.
Output by the SimonT Hockey Simulator (STHS) for François Prévost -- Original Page W3C XHTML 1.0 Valid